AoeStats
← 568140083

Arena

510524072Analyzed
4v4 RM · 2d ago on Oct 1, 2026· 47m 29s· 8 players
Game mode
Random Map
Map size
Large (8 player)
Population
200
Speed
Normal
Resources
Standard
Victory
Conquest
Starting age
Dark Age
Ending age
Imperial Age
RankedLock teamsTeams togetherTeam positionsShared explorationLock speedFull tech treeHidden civsTurbo modeCheats
Victory
Defeat
🇹🇼 Portuguese · Taiwan
855
+14
🇨🇳 Britons · China
842
+14
🇨🇳 Dravidians · China
789
+16
🇹🇼 Burmese · Taiwan
750
+18
🇨🇳 Hindustanis · China
860
-18
🇪🇸 Mongols · Spain
806
-16
🇩🇪 Britons · Germany
771
-23
🇸🇦 Italians · Saudi Arabia
768
-14
Fa Mu Lan
3:42 Loom
10:25 Feudal Age
11:44 Town Watch
17:19 Castle Age
15:52 Double-Bit Axe
16:29 Horse Collar
17:17 Stone Mining
22:53 Wheelbarrow
23:51 Fervor
24:05 Heavy Plow
24:36 Bow Saw
25:29 Gold Mining
26:31 Elite Skirmisher
29:18 Hand Cart
32:20 Imperial Age
30:48 Forging
32:25 Town Patrol
32:19 Treadmill Crane
33:00 Ballistics
34:22 Chemistry
34:34 Conscription
34:35 Fletching
35:20 Iron Casting
34:46 Padded Archer Armor
35:13 Block Printing
36:41 Cavalier
38:11 Theocracy
37:47 Husbandry
37:54 Scale Barding Armor
38:37 Bodkin Arrow
39:43 Blast Furnace
38:58 Leather Archer Armor
39:20 Chain Barding Armor
39:23 Pikeman
41:03 Arquebus
43:47 Two-Man Saw
43:19 Crop Rotation
43:25 Stone Shaft Mining
43:04 Murder Holes
43:51 Bracer
44:06 Leather Archer Armor
43:55 Elite Organ Gun
Misaka Mikoto
10:39 Feudal Age
11:06 Horse Collar
11:13 Double-Bit Axe
19:22 Castle Age
18:52 Padded Archer Armor
18:43 Fletching
19:23 Scale Mail Armor
19:29 Scale Barding Armor
19:36 Forging
19:48 Forging
19:44 Scale Barding Armor
19:36 Stone Mining
20:20 Bow Saw
21:03 Loom
22:41 Husbandry
23:06 Town Watch
23:28 Loom
24:46 Bodkin Arrow
27:41 Ballistics
28:49 Leather Archer Armor
29:30 Fortified Wall
34:08 Imperial Age
32:24 Medical Corps
33:05 Wheelbarrow
33:16 Thumb Ring
34:53 Bracer
35:56 Chemistry
35:36 Elite Elephant Archer
36:21 Pikeman
37:01 Squires
36:46 Arson
39:06 Ring Archer Armor
39:09 Halberdier
41:01 Conscription
42:28 Wootz Steel
41:36 Man-at-Arms
42:02 Gambesons
chuanlaoda
10:31 Feudal Age
11:07 Double-Bit Axe
17:11 Castle Age
17:50 Horse Collar
18:23 Bow Saw
21:29 Wheelbarrow
20:39 Loom
21:48 Fletching
21:59 Padded Archer Armor
23:01 Heavy Plow
23:33 Bodkin Arrow
24:32 Hand Cart
26:09 Leather Archer Armor
26:54 Masonry
26:37 Man-at-Arms
27:03 Gambesons
27:30 Treadmill Crane
27:53 Scale Mail Armor
28:04 Forging
32:23 Imperial Age
31:03 Ballistics
31:01 Chain Mail Armor
31:24 Gold Mining
32:14 Iron Casting
31:49 Long Swordsman
32:30 Squires
33:32 Gold Shaft Mining
33:31 Conscription
33:17 Two-Handed Swordsman
34:31 Ring Archer Armor
34:05 Bracer
37:33 Chemistry
37:05 Architecture
37:08 Ring Archer Armor
37:39 Blast Furnace
37:16 Plate Mail Armor
37:46 Blast Furnace
38:29 Elite Longbowman
40:53 Champion
41:56 Yeomen
44:14 Murder Holes
44:05 Arrowslits
44:30 Siege Engineers
44:28 Warwolf
47:02 Hoardings
45:58 Sappers
Hipopotamita
10:50 Feudal Age
16:13 Castle Age
14:26 Horse Collar
18:10 Loom
29:14 Imperial Age
27:23 Wheelbarrow
26:33 Town Watch
28:27 Heavy Plow
28:14 Town Watch
29:58 Murder Holes
31:27 Chemistry
31:16 Hand Cart
31:19 Block Printing
31:39 Conscription
31:30 Husbandry
31:44 Town Patrol
32:02 Scale Barding Armor
32:07 Forging
32:37 Forging
33:57 Chain Barding Armor
34:12 Iron Casting
35:13 Manipur Cavalry
35:53 Iron Casting
35:11 Cavalier
36:02 Bloodlines
38:38 Plate Barding Armor
39:03 Blast Furnace
40:20 Blast Furnace
45:02 Ballistics
xTc
11:34 Feudal Age
15:58 Castle Age
13:51 Double-Bit Axe
13:49 Horse Collar
14:01 Gold Mining
15:35 Stone Mining
23:32 Stone Shaft Mining
24:05 Bow Saw
24:16 Heavy Plow
33:38 Imperial Age
31:46 Wheelbarrow
30:55 Elite Skirmisher
33:04 Hand Cart
33:53 Elite Genoese Crossbowman
35:33 Padded Archer Armor
35:24 Fletching
35:44 Forging
35:34 Scale Mail Armor
38:26 Crop Rotation
38:57 Two-Man Saw
39:32 Light Cavalry
40:23 Bloodlines
fer_es_merengue9
10:57 Feudal Age
11:56 Double-Bit Axe
14:23 Loom
17:27 Castle Age
15:19 Horse Collar
16:19 Gold Mining
16:24 Stone Mining
18:59 Bow Saw
20:51 Heavy Plow
25:01 Nomads
27:21 Gold Shaft Mining
29:59 Imperial Age
28:43 Fletching
29:38 Padded Archer Armor
29:43 Husbandry
30:40 Town Watch
31:30 Wheelbarrow
31:40 Conscription
31:17 Bodkin Arrow
32:05 Ballistics
31:57 Fortified Wall
31:42 Murder Holes
31:58 Masonry
32:04 Forging
31:59 Scale Barding Armor
32:09 Town Patrol
32:55 Bloodlines
32:05 Light Cavalry
33:54 Hand Cart
34:22 Capped Ram
35:25 Siege Ram
37:23 Bracer
39:27 Elite Mangudai
41:30 Chemistry
Taking
10:17 Feudal Age
10:55 Double-Bit Axe
16:20 Castle Age
16:17 Wheelbarrow
15:32 Horse Collar
18:16 Bow Saw
18:36 Stone Mining
20:09 Gold Mining
22:23 Gold Shaft Mining
22:19 Heavy Plow
24:16 Hand Cart
27:52 Imperial Age
27:55 Caravan
27:52 Fletching
28:03 Padded Archer Armor
30:27 Bodkin Arrow
30:47 Leather Archer Armor
31:27 Town Watch
31:28 Loom
32:55 Two-Man Saw
32:04 Bracer
33:09 Town Patrol
34:19 Ring Archer Armor
39:17 Chemistry
38:38 Ballistics
38:15 Elite Longbowman
39:23 Yeomen
568140083
5:09 Loom
12:45 Feudal Age
14:08 Wheelbarrow
13:20 Double-Bit Axe
18:09 Castle Age
17:55 Fletching
18:17 Forging
18:09 Stone Mining
18:28 Town Watch
23:14 Horse Collar
27:06 Heavy Plow
28:44 Hand Cart
29:37 Bodkin Arrow
34:41 Imperial Age
32:57 Arson
34:39 Scale Barding Armor
34:34 Padded Archer Armor
33:58 Elite Skirmisher
34:41 Husbandry
34:51 Bloodlines
35:15 Ballistics
34:51 Murder Holes
36:39 Bloodlines
37:35 Conscription
39:27 Chemistry
38:33 Siege Engineers
39:17 Iron Casting
39:57 Light Cavalry
Connection lost

Rejoining the realm…

Still unreachable

The connection could not be restored.

Session expired

The server has moved on; the page needs a fresh start.